 Dungeon Crawl Stone Soup version 0.19.5 (webtiles) character file.

465 Kahsius the Basher (level 6, -12/52 HPs)
             Began as a Minotaur Berserker on Mar 19, 2017.
             Was an Elder of Trog.
             Killed by divine providence
             ... invoked by an orc priest
              (14 damage)
             ... on level 4 of the Dungeon.
             The game lasted 00:08:52 (3185 turns).

Kahsius the Basher (Minotaur Berserker)             Turns: 3185, Time: 00:08:52

Health: -12/52     AC:  7    Str: 22    XL:     6   Next: 80%
Magic:  5/5        EV: 11    Int:  4    God:    Trog [****..]
Gold:   194        SH:  3    Dex: 11    Spells: 0 memorised, 5 levels left

rFire  . . .     SeeInvis .     a - +0 mace
rCold  . . .     Gourm    .     o - +1 ring mail
rNeg   . . .     Faith    .     p - +0 buckler
rPois  .         Spirit   .     (helmet restricted)
rElec  .         Reflect  .     (no cloak)
rCorr  .         Harm     .     t - +0 pair of gloves
MR     .....                    (no boots)
Stlth  +.........               (no amulet)
                                (no ring)
                                (no ring)

@: exhausted, slowed, very slow
A: retaliatory headbutt, horns 2
a: Berserk, Trog's Hand, Brothers in Arms, Burn Spellbooks, Renounce Religion


You were on level 4 of the Dungeon.
You worshipped Trog.
Trog was greatly pleased with you.
You were near starving.

You visited 1 branch of the dungeon, and saw 4 of its levels.

You collected 194 gold pieces.

Inventory:

Hand Weapons
 a - a +0 mace (weapon)
Armour
 b - a +0 animal skin
 o - a +1 ring mail (worn)
 p - a +0 buckler (worn)
 t - a +0 pair of gloves (worn)
Jewellery
 r - an uncursed ring of ice
Wands
 w - a wand of random effects (43/48)
Scrolls
 e - 2 scrolls of identify
 j - a scroll of remove curse
 n - a scroll of random uselessness {unknown}
 s - a scroll of fear
 u - a scroll of teleportation
Potions
 d - a potion of flight
 f - a potion of magic
 g - 2 potions of heal wounds
 h - 3 potions of curing {unknown}
 i - a potion of haste {unknown}
 q - a potion of lignification {unknown}
 z - a potion of mutation {unknown}
 A - a potion of invisibility {unknown}
Comestibles
 c - 3 bread rations
 k - 2 meat rations
 l - a royal jelly
 m - 4 fruits


   Skills:
 - Level 3.7 Fighting
 + Level 9.1 Maces & Flails
 - Level 2.4 Armour
 - Level 2.2 Dodging
 - Level 1.0 Shields


You had 5 spell levels left.
You didn't know any spells.

Dungeon Overview and Level Annotations

Branches:
Dungeon (4/15)
 Temple: D:4-7

Altars:
Elyvilon
Nemelex Xobeh
Okawaru

Annotations:
D:4 Grinder


Innate Abilities, Weirdness & Mutations

You reflexively headbutt those who attack you in melee.
You have a pair of horns on your head.


Message History

The orc priest calls down the wrath of Beogh upon you.
Beogh smites you!
* * * LOW HITPOINT WARNING * * *
The orc priest barely misses you. Grinder gestures at you.
You resist with significant effort. The orc hits you but does no damage.
The orc priest calls down the wrath of Beogh upon you.
Beogh smites you!
* * * LOW HITPOINT WARNING * * *
The orc priest barely misses you.
You are too injured to fight recklessly!
You are too injured to fight recklessly!
You are too injured to fight recklessly!
You are too injured to fight recklessly!
You are too injured to fight recklessly!
Your shield prevents you from hitting the orc priest.
Your headbutt misses the orc priest.
The orc priest invokes the aid of Beogh against you.
Beogh smites you!
You die...

#.#.# ###
#.#.####
#...#.#.#..
#.#.#<#.#.###
+.#.........
#.........###..
#.# #o.........
#.#####o#
#######...@oo.#
#.
#.##....#######
#.###.##.#.##
###......#.#.#
.............#
......#..#.###
##.##.#..#.#
#...#....#.#
.........#.#


You could see 2 orc priests and an orc.

Vanquished Creatures
  An ogre (D:4)
  2 orc wizards (D:4)
  Ijyb (D:2)
  Natasha (thrice) (D:2)
  A worker ant (D:4)
  Robin (D:2)
  3 gnolls (D:4)
  A howler monkey skeleton (D:4)
  3 adders
  3 oozes
  5 worms
  3 dart slugs
  3 leopard geckos (D:3)
  An orc (D:3)
  5 bats
  8 giant cockroaches
  16 goblins
  10 hobgoblins
  4 jackals (D:1)
  A ball python (D:3)
  6 frilled lizards
  9 kobolds
  11 rats
101 creatures vanquished.

Notes
Turn   | Place    | Note
-------+----------+-------------------------------------------
     0 | D:1      | Kahsius the Minotaur Berserker began the quest for the Orb.
     0 | D:1      | Reached XP level 1. HP: 19/19 MP: 0/0
   153 | D:1      | Reached skill level 4 in Maces & Flails
   153 | D:1      | Reached XP level 2. HP: 20/27 MP: 1/1
   466 | D:1      | Reached ** piety under Trog
   466 | D:1      | Reached XP level 3. HP: 32/33 MP: 2/2
   661 | D:1      | Reached skill level 5 in Maces & Flails
  1005 | D:2      | Noticed Robin
  1016 | D:2      | Noticed Natasha
  1017 | D:2      | Killed Robin
  1024 | D:2      | Killed Natasha
  1024 | D:2      | Reached skill level 6 in Maces & Flails
  1024 | D:2      | Reached XP level 4. HP: 26/40 MP: 3/3
  1464 | D:2      | Reached *** piety under Trog
  1464 | D:2      | Reached skill level 1 in Shields
  1471 | D:2      | Noticed Natasha
  1476 | D:2      | Killed Natasha
  1476 | D:2      | Reached XP level 5. HP: 46/46 MP: 4/4
  1510 | D:2      | Found a sparkling altar of Nemelex Xobeh.
  1691 | D:2      | Noticed Natasha
  1697 | D:2      | Killed Natasha
  1697 | D:2      | Reached skill level 7 in Maces & Flails
  1712 | D:2      | Noticed Ijyb
  1735 | D:2      | Killed Ijyb
  2225 | D:3      | Found a white marble altar of Elyvilon.
  2583 | D:3      | Reached XP level 6. HP: 52/52 MP: 5/5
  2831 | D:4      | Reached skill level 8 in Maces & Flails
  3136 | D:4      | Found an iron altar of Okawaru.
  3163 | D:4      | Noticed Grinder
  3165 | D:4      | Paralysed by Grinder for 4 turns
  3171 | D:4      | Reached **** piety under Trog
  3171 | D:4      | Reached skill level 9 in Maces & Flails
  3183 | D:4      | HP: 1/52 [orc priest/divine providence (11)]
  3185 | D:4      | Killed from afar by an orc priest

Skill      XL: |  1  2  3  4  5  6 |
---------------+-------------------+-----
Maces & Flails | 4 6 7 9 |  9.1
Shields        | 1 |  1.0
Fighting       | |  3.7
Armour         | |  2.4
Dodging        | |  2.2

Action                   |  1- 3 |  4- 6 || total
-------------------------+-------+-------++-------
Melee: Mace              |    67 |   140 ||   207
       Headbutt          |    10 |    25 ||    35
Invok: Berserk           |     1 |     2 ||     3
       Trog's Hand       |     1 |       ||     1
  Use: Scroll            |       |    10 ||    10
       Potion            |       |     1 ||     1
  Eat: Chunk             |       |     8 ||     8
Armor: Animal skin       |     9 |       ||     9
       Ring mail         |    24 |    49 ||    73
Dodge: Dodged            |    51 |    90 ||   141
Block: Buckler           |     7 |    18 ||    25
